 Dungeon Crawl Stone Soup version 0.30-b1-2-g02819fbbbe (webtiles) character file.

Game seed: 988449276656669556

127 sanka the Vexing (level 5, -2/42 HPs)
             Began as a Barachi Enchanter on May 19, 2023.
             Slain by an iguana (5 damage)
             ... on level 3 of the Dungeon.
             The game lasted 00:05:42 (3493 turns).

sanka the Vexing (Barachi Enchanter)                Turns: 3493, Time: 00:05:43

Health: -2/42      AC:  5    Str: 10    XL:     5   Next: 11%
Magic:  6/9        EV: 12    Int: 17    God:
Gold:   169        SH:  0    Dex: 12    Spells: 6/9 levels left

rFire   . . .        a - +1 dagger
rCold   . . .        (no shield)
rNeg    . . .        b - +0 robe
rPois   .            (no helmet)
rElec   .            (no cloak)
rCorr   .            q - +2 pair of gloves
SInv    .            (no boots)
Will    .....        (no amulet)
Stlth   ++           (no ring)
HPRegen 0.27/turn    (no ring)
MPRegen 0.11/turn

%: no passive effects
@: slow
A: amphibious, slowness 1, strong legs 1, +LOS
a: Hop


You were on level 3 of the Dungeon.
You visited 1 branch of the dungeon, and saw 3 of its levels.

You collected 169 gold pieces.

Inventory:

Hand Weapons
 a - a +1 dagger (weapon)
Missiles
 t - 6 poisoned darts
Armour
 b - a +0 robe (worn)
 j - a +0 chain mail
 q - a +2 pair of gloves (worn)
Magical Staves
 s - a staff of air
Scrolls
 d - 2 scrolls of teleportation {unknown}
 e - 4 scrolls of identify {unknown}
 f - a scroll of fear {unknown}
 i - a scroll of noise {unknown}
 m - a scroll of enchant weapon {unknown}
 n - 2 scrolls of amnesia {unknown}
 p - a scroll of blinking {unknown}
 u - a scroll of poison {unknown}
 v - a scroll of vulnerability {unknown}
Potions
 c - 2 potions of invisibility
 g - a potion of mutation {unknown}
 h - 2 potions of curing {unknown}
 k - a potion of haste {unknown}
 l - 2 potions of heal wounds {unknown}
 o - a potion of brilliance {unknown}
 r - a potion of attraction {unknown}


   Skills:
 - Level 4.0 Fighting
 - Level 1.1 Short Blades
 - Level 2.1 Dodging
 - Level 2.6 Stealth
 + Level 2.8 Spellcasting
 * Level 4.3 Hexes


You had 6 spell levels left.
You knew the following spells:

 Your Spells              Type           Power      Damage    Failure   Level
a - Confusing Touch       Hex            17%        N/A       9%          3

Your spell library contained the following spells:

 Spells                   Type           Power      Damage    Failure   Level
 Tukima's Dance           Hex            17%        N/A       9%          3
 Ensorcelled Hibernation  Hex/Ice        18%        N/A       11%         2
 Dazzling Flash           Conj/Hex       18%        N/A       22%         3
 Vhi's Electric Charge    Tloc/Air       4%         N/A       47%         3
 Arcjolt                  Conj/Air       1%         1d11      99%         5
 Maxwell's Capacitive Co  Air            1%         ∞         100%        8


Dungeon Overview and Level Annotations

Branches:
Dungeon (3/15)

Altars:

Annotations:
D:2 Terence


Innate Abilities, Weirdness & Mutations

You are amphibious.
You cover ground slowly.
You can hop short distances.
You have an extended range of vision and can be seen from far away.


Message History

You closely miss the iguana.
The iguana is moderately wounded.
The iguana bites you.
You hit the iguana but do no damage.
The iguana is moderately wounded.
The iguana misses you.
You hit the iguana but do no damage.
The iguana is moderately wounded.
The iguana bites you.
You hit the iguana but do no damage. You punch the iguana.
The iguana is heavily wounded.
The iguana bites you!
You hit the iguana but do no damage.
The iguana is heavily wounded.
The iguana bites you!
* * * LOW HITPOINT WARNING * * *
You hit the iguana.
The iguana is severely wounded.
The iguana bites you but does no damage.
You barely miss the iguana.
The iguana is severely wounded.
The iguana bites you but does no damage.
You hit the iguana but do no damage.
The iguana is severely wounded.
The iguana bites you.
* * * LOW HITPOINT WARNING * * *
Casting: Confusing Touch (dangerous; 9% risk of failure)
Confirm with . or Enter, or press ? or * to list all spells.
Your hands begin to glow red.
The iguana closely misses you.
You closely miss the iguana.
The iguana is severely wounded.
The iguana bites you!
* * * LOW HITPOINT WARNING * * *
You hit the iguana but do no damage.
The iguana is severely wounded.
The iguana barely misses you.
You hit the iguana but do no damage.
The iguana appears confused.
The iguana is severely wounded.
The iguana bites you.
You die...

###### ###.....#
#....# #.....# #.##.#
##....#
#.##.###########.....
#.##.##........#....#
#.##.##........#....#
#.##.................
#.##############....#
#...@l...............
#####################


You could see an iguana (confused).

Vanquished Creatures
  4 adders
  2 worms
  A dart slug (D:2)
  4 ball pythons
  5 bats
  7 endoplasms
  2 giant cockroaches
  7 goblins
  10 hobgoblins
  5 jackals
  12 kobolds
  6 quokkas
  3 frilled lizards
  7 rats
75 creatures vanquished.

Notes
Turn   | Place    | Note
-------+----------+-------------------------------------------
     0 | D:1      | sanka the Barachi Enchanter began the quest for the Orb.
     0 | D:1      | Reached XP level 1. HP: 13/13 MP: 3/3
    88 | D:1      | Reached skill level 1 in Fighting
   339 | D:1      | Reached XP level 2. HP: 17/22 MP: 5/5
   843 | D:1      | Reached XP level 3. HP: 29/29 MP: 6/6
  1785 | D:2      | Learned a level 3 spell: Confusing Touch
  1955 | D:2      | Reached XP level 4. HP: 29/37 MP: 7/7
  2276 | D:2      | Noticed Terence
  3355 | D:3      | Reached XP level 5. HP: 38/42 MP: 9/9
  3493 | D:3      | Slain by an iguana

Illustrated notes

Levels and vault maps discovered:
D:1:      pf_arrival_petrified_forest, layout_loops_corners,
          grunt_decor_mini_mirrors
D:2:      layout_basic, uniq_terence
D:3:      minmay_octagon_keep, layout_basic

Skill      XL: |  1  2  3  4 |
---------------+-------------+-----
Fighting       | 1 3 4 |  4.0
Hexes          | 4 |  4.3
Short Blades   | |  1.1
Dodging        | |  2.1
Stealth        | |  2.6
Spellcasting   | |  2.8

Action                     |  1- 3 |  4- 6 || total
---------------------------+-------+-------++-------
  Melee: Dagger            |   245 |   201 ||   446
         Punch             |     2 |     2 ||     4
   Cast: Confusing Touch   |       |     2 ||     2
   Stab: Sleeping          |     3 |     4 ||     7
 Armour: Robe              |    10 |    59 ||    69
         Chain mail        |    49 |       ||    49
  Dodge: Dodged            |    96 |   136 ||   232
